Map: [ESL] Gresvan

Players

DnS

  • Race: Protoss Protoss
  • Spawn Location: 5:00

SKillous - Winner!

  • Race: Protoss Protoss
  • Spawn Location: 11:00

Event: ESL SC2 Masters 2023 Summer (Regionals)

VOD

Have the link to the VOD?

Description

Time

  • Played on: May 18, 2023, 12:20 p.m.
  • Length: 17:38

All games in this series

Show
View Real Time Build Order
Export as new Build Order

DnS Protoss 

Build Orders:  

Get SALT Encoding   

  12  0:00  Probe  
  13  0:12  Probe  
  14  0:17  Pylon  
  14  0:24  Probe (Chrono Boost)  
  16  0:36  Probe (Chrono Boost), Gateway  
  16  0:43  Probe (Chrono Boost)  
  16  0:46  Assimilator  
  17  0:50  Probe  
  17  0:54  Assimilator  
  18  1:03  Probe (Chrono Boost)  
  19  1:07  Gateway  
  19  1:12  Probe (Chrono Boost)  
  20  1:19  Probe  
  20  1:24  Cybernetics Core  
  21  1:31  Probe  
  22  1:35  Pylon  
  22  1:43  Probe  
  23  1:55  Probe  
  23  2:00  Stalker  
  26  2:03  Stalker  
  26  2:04  Warp Gate (Chrono Boost)  
  28  2:12  Pylon  
  28  2:15  Probe  
  29  2:30  Sentry  
  29  2:33  Sentry  
  33  2:48  Nexus  
  33  2:49  Probe  
  34  2:54  Shield Battery  
  34  2:59  Pylon  
  34  3:11  Robotics Facility  
  33  3:15  Stalker  
  33  3:17  Probe  
  36  3:23  Pylon  
  36  3:29  Probe  
  36  3:31  Shield Battery  
  37  3:45  Stalker  
  39  3:49  Probe  
  40  3:57  Stalker  
  40  4:00  Observer  
  40  4:01  Probe x2 (Chrono Boost)  
  45  4:07  Twilight Council  
  47  4:10  Probe x2 (Chrono Boost)  
  47  4:15  Probe x2 (Chrono Boost)  
  47  4:22  Stalker  
  47  4:24  Stalker  
  53  4:27  Observer  
  54  4:42  Pylon  
  54  4:44  Stalker  
  54  5:00  Probe x2  
  54  5:01  Immortal (Chrono Boost)  
  54  5:05  Stalker  
  62  5:07  Pylon  
  62  5:10  Pylon  
  62  5:13  Blink (Chrono Boost)  
  62  5:29  Stalker  
  62  5:31  Probe x2, Assimilator  
  64  5:37  Stalker  
  62  5:42  Gateway  
  62  5:43  Probe  
  62  5:44  Gateway  
  63  5:53  Stalker  
  65  6:02  Stalker  
  67  6:04  Shield Battery  
  67  6:06  Probe x2  
  67  6:10  Immortal  
  72  6:19  Shield Battery  
  72  6:24  Stalker  
  72  6:28  Stalker  
  72  6:31  Pylon  
  74  6:36  Shield Battery  
  74  6:37  Observer, Stalker  
  74  6:38  Stalker  
  75  6:47  Stalker  
  75  6:48  Probe  
  75  6:49  Probe  
  75  6:52  Pylon  
  79  6:56  Pylon  
  79  6:58  Pylon  
  79  7:07  Nexus  
  79  7:10  Probe  
  78  7:16  Stalker x2  
  78  7:17  Probe  
  78  7:21  Stalker  
  81  7:26  Stalker  
  81  7:29  Probe  
  82  7:36  Observer  
  75  7:44  Probe  
  75  7:45  Probe  
  75  7:48  Pylon  
  77  7:52  Stalker x3  
  77  7:58  Stalker  
  85  7:59  Probe  
  85  8:01  Probe  
  87  8:12  Probe  
  88  8:13  Probe  
  88  8:15  Stalker x2  
  89  8:22  Stalker  
  78  8:31  Probe (Chrono Boost), Observer  
  80  8:34  Probe (Chrono Boost)  
  80  8:36  Probe (Chrono Boost)  
  79  8:41  Probe (Chrono Boost)  
  79  8:44  Probe (Chrono Boost), Stalker x3  
  79  8:47  Probe (Chrono Boost)  
  88  8:48  Probe (Chrono Boost)  
  88  8:49  Probe (Chrono Boost)  
  88  8:55  Probe  
  90  8:57  Probe  
  90  8:58  Probe  
  90  9:01  Forge  
  92  9:06  Stalker  
  92  9:07  Probe, Stalker  
  92  9:15  Stalker  
  86  9:24  Probe x2 (Chrono Boost), Observer  
  79  9:27  Probe (Chrono Boost)  
  79  9:28  Stalker  
  78  9:32  Protoss Ground Weapons Level 1 (Chrono Boost)  
  78  9:35  Probe (Chrono Boost)  
  78  9:36  Probe (Chrono Boost)  
  78  9:38  Probe (Chrono Boost)  
  79  9:40  Stalker x2  
  79  9:41  Probe (Chrono Boost)  
  82  9:46  Probe  
  82  9:47  Probe  
  83  9:52  Probe  
  83  9:54  Stalker  
  83  9:57  Zealot  
  83  9:58  Probe  
  81  10:03  Probe  
  78  10:08  Probe  
  78  10:10  Probe  
  79  10:14  Stalker  
  79  10:15  Stalker  
  79  10:18  Stalker  
  79  10:20  Stalker  
  87  10:24  Probe x2  
  85  10:39  Stalker x2  
  85  10:40  Probe x2  
  85  10:42  Stalker  
  68  10:53  Probe x2  
  68  10:54  Stalker  
  68  10:55  Probe  
  65  11:05  Probe x2 (Chrono Boost)  
  65  11:08  Probe (Chrono Boost), Stalker  
  67  11:17  Probe (Chrono Boost)  
  67  11:18  Probe (Chrono Boost)  
  70  11:26  Probe x3 (Chrono Boost)  
  70  11:32  Probe x2 (Chrono Boost), Stalker, Sentry  
  76  11:36  Observer  
  76  11:38  Probe (Chrono Boost)  
  80  11:42  Sentry  
  80  11:44  Probe x2 (Chrono Boost)  
  85  11:47  Probe (Chrono Boost), Protoss Ground Weapons Level 2 (Chrono Boost)  
  85  11:48  Sentry  
  85  11:49  Probe x2 (Chrono Boost)  
  85  11:52  Probe (Chrono Boost)  
  89  11:54  Charge  
  89  11:58  Probe  
  89  12:00  Probe  
  92  12:11  Probe  
  92  12:12  Gateway  
  92  12:14  Gateway  
  93  12:18  Probe x2  
  93  12:19  Assimilator  
  93  12:22  Shield Battery  
  95  12:26  Dark Shrine  
  95  12:27  Zealot  
  95  12:28  Probe  
  98  12:37  Zealot x3  
  98  12:42  Probe  
  106  12:48  Immortal  
  109  12:54  Nexus  
  109  12:56  Pylon  
  109  13:05  Stalker x2  
  113  13:14  Probe x3  
  116  13:20  Pylon  
  116  13:26  Probe  
  117  13:27  Stalker x2  
  117  13:28  Gateway  
  117  13:29  Gateway  
  117  13:30  Observer  
  117  13:34  Probe x2, Observer, Shield Battery  
  122  13:38  Probe  
  125  13:45  Dark Templar x3  
  131  13:57  Stalker x3  
  131  13:59  Photon Cannon  
  135  14:16  Observer (Chrono Boost)  
  134  14:30  Observer (Chrono Boost)  
  124  14:34  Stalker x6  
  121  14:45  Pylon  
  89  15:42  Nexus  
  87  15:52  Pylon  
  82  16:28  Observer  
  62  17:07  Pylon  
Show
View Real Time Build Order
Export as new Build Order

SKillous Protoss - Winner!

Build Orders: Blink Stalkers 

Get SALT Encoding   

  12  0:00  Probe  
  13  0:12  Probe  
  14  0:18  Pylon  
  14  0:24  Probe (Chrono Boost)  
  15  0:36  Probe (Chrono Boost)  
  15  0:38  Gateway  
  16  0:45  Probe (Chrono Boost)  
  16  0:46  Assimilator  
  17  0:51  Probe  
  18  0:58  Assimilator  
  18  1:03  Probe (Chrono Boost)  
  19  1:08  Gateway  
  20  1:12  Probe (Chrono Boost)  
  20  1:17  Probe (Chrono Boost)  
  21  1:29  Cybernetics Core  
  21  1:30  Probe  
  22  1:37  Pylon  
  22  1:42  Probe  
  23  1:55  Probe  
  24  2:06  Stalker x2  
  24  2:07  Probe, Warp Gate  
  29  2:19  Probe  
  30  2:24  Pylon  
  30  2:31  Probe  
  31  2:41  Stalker x2  
  31  2:43  Probe  
  36  3:02  Shield Battery  
  37  3:16  Pylon, Twilight Council  
  36  3:21  Nexus  
  36  3:22  Probe  
  37  3:34  Probe  
  37  3:37  Gateway  
  38  3:46  Probe  
  38  3:47  Blink (Chrono Boost)  
  39  3:57  Stalker  
  39  3:58  Stalker  
  39  4:01  Probe  
  45  4:17  Gateway  
  45  4:23  Stalker  
  47  4:33  Stalker  
  47  4:34  Stalker  
  47  4:37  Probe  
  49  4:39  Probe  
  50  4:48  Stalker  
  50  4:49  Probe  
  50  4:51  Probe  
  54  4:58  Stalker  
  54  4:59  Stalker  
  60  5:10  Pylon  
  60  5:12  Stalker x2  
  62  5:17  Robotics Facility  
  62  5:23  Pylon  
  62  5:28  Probe  
  61  5:40  Stalker x4  
  61  5:42  Probe (Chrono Boost)  
  67  5:50  Probe (Chrono Boost)  
  67  5:53  Probe (Chrono Boost)  
  68  6:04  Adept  
  68  6:06  Adept  
  68  6:09  Nexus, Observer  
  68  6:10  Probe  
  74  6:13  Probe  
  74  6:16  Pylon  
  75  6:22  Probe  
  75  6:25  Probe  
  77  6:30  Assimilator  
  77  6:31  Pylon, Observer  
  78  6:34  Probe  
  78  6:37  Probe, Forge  
  80  6:48  Probe  
  80  6:51  Gateway  
  80  6:53  Probe, Immortal (Chrono Boost)  
  82  7:00  Probe  
  82  7:01  Stalker x3  
  89  7:06  Probe  
  86  7:18  Probe  
  86  7:21  Shield Battery  
  86  7:22  Shield Battery  
  82  7:28  Stalker x4  
  87  7:32  Probe (Chrono Boost)  
  87  7:33  Probe (Chrono Boost)  
  87  7:34  Protoss Ground Weapons Level 1 (Chrono Boost)  
  86  7:38  Probe (Chrono Boost)  
  84  7:44  Probe x2 (Chrono Boost)  
  84  7:49  Probe (Chrono Boost)  
  87  7:51  Adept  
  87  7:52  Adept  
  87  7:54  Stalker x2  
  95  8:03  Gateway x2  
  93  8:11  Gateway, Stalker  
  93  8:12  Gateway  
  95  8:13  Gateway  
  95  8:18  Stalker  
  71  8:29  Stalker x3  
  71  8:34  Probe  
  76  8:37  Probe  
  76  8:40  Adept  
  78  8:42  Adept  
  78  8:45  Probe  
  78  8:46  Probe  
  77  8:57  Stalker  
  77  8:58  Stalker  
  82  9:03  Observer  
  78  9:12  Stalker x3  
  78  9:13  Probe  
  70  9:19  Probe x2  
  60  9:26  Adept x2  
  60  9:27  Probe (Chrono Boost)  
  65  9:32  Probe (Chrono Boost)  
  66  9:38  Probe (Chrono Boost)  
  66  9:39  Probe (Chrono Boost)  
  66  9:41  Probe (Chrono Boost)  
  64  9:48  Stalker x2  
  64  9:50  Probe  
  65  9:58  Stalker x2  
  69  10:03  Probe x2 (Chrono Boost)  
  65  10:07  Adept  
  65  10:09  Probe (Chrono Boost)  
  65  10:11  Sentry  
  70  10:15  Adept  
  70  10:18  Probe (Chrono Boost)  
  70  10:19  Probe (Chrono Boost)  
  70  10:21  Probe (Chrono Boost)  
  74  10:22  Probe (Chrono Boost)  
  74  10:27  Pylon, Protoss Ground Weapons Level 2 (Chrono Boost)  
  76  10:36  Stalker  
  76  10:38  Stalker  
  76  10:41  Probe  
  76  10:46  Stalker x2  
  76  10:48  Probe x2  
  67  10:57  Stalker  
  66  11:04  Stalker  
  66  11:05  Probe  
  66  11:06  Probe  
  70  11:16  Immortal (Chrono Boost)  
  70  11:18  Probe x2  
  69  11:21  Stalker  
  69  11:23  Probe  
  75  11:27  Adept  
  75  11:29  Adept  
  75  11:30  Probe  
  75  11:32  Probe, Observer  
  81  11:35  Probe  
  81  11:36  Pylon  
  82  11:42  Probe  
  82  11:43  Stalker x2  
  82  11:47  Probe  
  88  11:48  Probe  
  88  11:50  Assimilator  
  88  11:52  Charge (Chrono Boost)  
  90  12:02  Nexus  
  90  12:06  Pylon  
  92  12:17  Observer (Chrono Boost)  
  92  12:18  Probe x2  
  91  12:24  Shield Battery, Sentry  
  91  12:25  Pylon  
  93  12:30  Stalker  
  93  12:31  Protoss Ground Armor Level 1 (Chrono Boost), Stalker  
  93  12:32  Zealot x3  
  93  12:34  Probe x2  
  106  12:41  Shield Battery  
  106  12:44  Shield Battery  
  106  12:47  Stalker  
  106  12:48  Stalker  
  109  12:57  Probe x3  
  109  12:58  Robotics Bay  
  112  13:01  Immortal (Chrono Boost)  
  112  13:04  Pylon  
  116  13:09  Probe  
  116  13:12  Pylon  
  117  13:13  Pylon  
  117  13:14  Probe  
  117  13:16  Probe x2  
  120  13:26  Stalker  
  122  13:29  Photon Cannon  
  122  13:31  Pylon  
  122  13:33  Warp Prism (Chrono Boost)  
  122  13:35  Pylon  
  122  13:36  Stalker  
  122  13:39  Stalker  
  128  13:42  Stalker  
  130  13:49  Stalker x3  
  130  13:53  Pylon  
  136  13:55  Stalker  
  136  13:56  Stalker  
  136  14:10  Zealot  
  136  14:16  Stalker x6  
  132  14:29  Observer (Chrono Boost)  
  89  14:49  Observer  
  89  14:50  Nexus  
  89  14:51  Pylon  
  74  16:21  Observer  
  74  16:24  Observer  
  68  16:43  Observer  
  66  17:00  Observer  
Tags
 
Add a new tag
Caveats
  • Supply blocks, unpowered buildings, or Contaminate may cause inaccurate times.
  • Supply counts are checked every 10 seconds.